 Dungeon Crawl Stone Soup version 0.31-a0-1620-gcbf77bbcfc (webtiles) character file.

Game seed: 7665818656334918180

518 Laraso the Slasher (level 7, 39/57 HPs)
             Began as a Pale Draconian Monk on Jan 11, 2024.
             Was a Believer of Trog.
             Quit the game on level 3 of the Dungeon.
             The game lasted 00:04:24 (3181 turns).

Laraso the Slasher (Pale Draconian Monk)            Turns: 3181, Time: 00:04:24

Health: 39/57      AC:  7    Str: 19    XL:     7   Next: 1%
Magic:  7/7        EV: 13    Int: 10    God:    Trog [**....]
Gold:   192        SH:  0    Dex: 16    Spells: 6/6 levels left

rFire   . . .        a - +0 falchion
rCold   . . .        c - orb {light}
rNeg    . . .        (body armour unavailable)
rPois   .            (helmet restricted)
rElec   .            (no cloak)
rCorr   .            f - +0 pair of gloves
SInv    .            (no boots)
Will    .....        (no amulet)
Stlth   +            d - +6 ring of strength
HPRegen 0.29/turn    (no ring)
MPRegen 0.10/turn

%: no passive effects
@: glowing
A: breathe steam, AC +6, unfitting armour, cold-blooded, steam resistance
a: Breathe Steam, Renounce Religion, Berserk, Trog's Hand


You were on level 3 of the Dungeon.
You worshipped Trog.
Trog was pleased with you.
You visited 1 branch of the dungeon, and saw 3 of its levels.

You collected 192 gold pieces.

Inventory:

Hand Weapons
 a - a +0 falchion (weapon)
Missiles
 e - 6 darts of dispersal
 i - 11 poisoned darts
 m - 3 curare-tipped darts (quivered)
Armour
 c - an orb of light (worn)
 f - a +0 pair of gloves (worn)
Jewellery
 d - a +6 ring of strength (left hand)
Scrolls
 j - 2 scrolls of teleportation
 l - a scroll of brand weapon {unknown}
 n - 2 scrolls of identify
 p - a scroll of immolation {unknown}
 q - a scroll of enchant weapon {unknown}
Potions
 b - 2 potions of ambrosia
 g - a potion of lignification {unknown}
 h - a potion of magic
 k - 2 potions of heal wounds
 o - a potion of mutation {unknown}


   Skills:
 - Level 3.2 Fighting
 * Level 6.5 Long Blades
 - Level 4.0 Throwing
 - Level 2.6 Dodging


You had 6 spell levels left.
You didn't know any spells.
Your spell library contained the following spells:

 Spells                   Type           Power      Damage    Failure   Level
 Inner Flame              Hex/Fire       0%         N/A       75%         3
 Irradiate                Conj/Alch      0%         3d11      100%        5
 Ignition                 Fire           0%         3d3       100%        8


Dungeon Overview and Level Annotations

Branches:
Dungeon (3/15)

Altars:
Sif Muna
Trog


Innate Abilities, Weirdness & Mutations

You can breathe blasts of scalding, opaque steam.
Your pale cyan-grey scales are hard. (AC +6)
You cannot fit into any form of body armour.
You are cold-blooded and may be slowed by cold attacks.
You are immune to the effects of steam.


Message History

No target in view!
i - 11 poisoned darts (gained 4)
Items here: ))))) | †††††.
Items here: ( ))) ††.
A gnoll comes into view. It is wielding a +0 club.
A gnoll is nearby!
A gnoll is nearby!
A gnoll comes into view. It is wielding a +0 flail.
You slash the gnoll! You tail-slap the gnoll.
The gnoll is almost dead.
The gnoll hits you with a +0 club.
You barely miss the gnoll.
You tail-slap the gnoll, but do no damage.
The gnoll is almost dead.
The gnoll barely misses you.
You hit the gnoll but do no damage.
The gnoll is almost dead.
The gnoll hits you with a +0 club.
You hit the gnoll.
You kill the gnoll!
Trog accepts your kill.
Things that are here:
a +0 club; a gnoll corpse You barely miss the gnoll.
The gnoll hits you with a +0 flail.
You hit the gnoll but do no damage. The gnoll barely misses you.
You slash the gnoll!
The gnoll is heavily wounded.
The gnoll hits you with a +0 flail!
You hit the gnoll.
The gnoll is severely wounded.
You slash the gnoll!
You kill the gnoll!
Trog accepts your kill.
You have reached level 7!
Your scales start taking on a pale cyan-grey colour.
You learn Fire Magic quicker.
You learn Air Magic quicker.
You learn Evocations quicker.
You can breathe blasts of scalding, opaque steam.
You are now immune to the effects of steam.
Are you sure you want to abandon this character and quit the game? (Confirm with "yes".)

####### #)######.##....#.#
......## #......#.####.##.###
.......# ##.######..#####.)).#
#####..###...## ##..#..))##)#
#####..##.....# ##.....##.)#
##.........#.## ##.#####.##
##.##..###....# ###.....#
##.##.)####.#.########.##########
.........)......@)...............
~~~~~~~~≈~~~...)~~~≈~~~~~~~~)≈~~~
≈~≈≈≈~≈≈≈≈~≈....~≈≈≈≈≈≈≈≈≈≈~≈~≈≈≈
~≈~~~~~~≈~~~....~~≈~≈~~~~~~≈#####
............................#...#
############''''#############...#
#....# #'### #....# ^.#.~ '....'
.#.#.~


There were no monsters in sight!

Vanquished Creatures
  A kobold brigand (D:3)
  3 howler monkeys (D:3)
  An orc priest (D:3)
  2 hounds (D:3)
  2 adders
  12 gnolls (D:3)
  A ribbon worm (D:2)
  A dart slug (D:1)
  13 orcs (D:3)
  4 ball pythons
  6 bats
  6 endoplasms
  13 goblins
  7 hobgoblins
  10 jackals (D:3)
  5 quokkas
  5 frilled lizards
  6 kobolds
  6 rats
104 creatures vanquished.

Notes
Turn   | Place    | Note
-------+----------+-------------------------------------------
     0 | D:1      | Laraso the Draconian Monk began the quest for the Orb.
     0 | D:1      | Reached XP level 1. HP: 19/19 MP: 1/1
   241 | D:1      | Reached XP level 2. HP: 26/26 MP: 2/2
   453 | D:1      | Reached skill level 4 in Long Blades
   550 | D:1      | Reached XP level 3. HP: 28/31 MP: 3/3
  1177 | D:2      | Reached XP level 4. HP: 37/38 MP: 4/4
  1562 | D:3      | Reached skill level 5 in Long Blades
  1671 | D:3      | Reached skill level 1 in Throwing
  1893 | D:3      | Reached XP level 5. HP: 33/45 MP: 5/5
  1910 | D:3      | Reached XP level 6. HP: 28/51 MP: 6/6
  2146 | D:3      | Found a shimmering blue altar of Sif Muna.
  2184 | D:3      | Found a bloodstained altar of Trog.
  2200 | D:3      | Became a worshipper of Trog the Wrathful
  2200 | D:3      | Reached * piety under Trog
  2200 | D:3      | Reached ** piety under Trog
  3092 | D:3      | Reached skill level 6 in Long Blades
  3181 | D:3      | Your scales start taking on a pale cyan-grey colour.
  3181 | D:3      | Reached XP level 7. HP: 39/57 MP: 7/7
  3181 | D:3      | Gained mutation: You are immune to the effects of steam.
                  | [Pale Draconian growth]
  3181 | D:3      | Quit the game

Illustrated notes

Levels and vault maps discovered:
D:1:      wander_arrival_peaceful_grave, layout_loops_cross
D:2:      kennysheep_the_goblin_king, layout_loops_ring, serial_glass,
          glass_columns_a, glass_columns_c
D:3:      lemuel_castle_with_subvaults [lemuel_castle_interior_carwin_3],
          layout_loops_corners, mainiacjoe_overflow_paths, lemuel_round_altar,
          wander_ebering_terrifying_dragon_lair

Skill      XL: |  1  2  3  4  5  6 |
---------------+-------------------+-----
Long Blades    | 4 5 6 |  6.5
Throwing       | 2 3 4 |  4.0
Fighting       | |  3.2
Dodging        | |  2.6

Action                     |  1- 3 |  4- 6 |  7- 9 || total
---------------------------+-------+-------+-------++-------
  Melee: Falchion          |   100 |   157 |       ||   257
         Tailslap          |     9 |    22 |       ||    31
  Throw: Dart              |       |     3 |       ||     3
 Invoke: Trog's Hand       |       |     1 |       ||     1
    Use: Scroll            |       |     4 |       ||     4
 Armour: Skin              |    39 |   100 |       ||   139
  Dodge: Dodged            |    60 |   117 |       ||   177

Table legend: (Time is in decaauts)
 A = Elapsed time spent in this place.
 B = Non-inter-level travel time spent in this place.
 C = Inter-level travel time spent in this place.
 D = Time resting spent in this place.
 E = Time spent auto-exploring this place.
 F = Levels seen in this place.
 G = Mean time per level.
                   A        B        C        D        E       F      G
               +--------+--------+--------+--------+--------+-----+--------+
         Total |   3204 |   3160 |     44 |    316 |   2119 |   3 | 1068.0 |
       Dungeon |   3204 |   3160 |     44 |    316 |   2119 |   3 | 1068.0 |
               +--------+--------+--------+--------+--------+-----+--------+

Top non-repeatable levels by time:
     D:3: 1650 daAuts
     D:2: 784 daAuts
     D:1: 769 daAuts
